AoeStats
← [Massa] Edo

QS Arena

503530853Analyzed
2v2 RM · 1mo ago on Sep 1, 2026· 72m 25s· 4 players
Game mode
Random Map
Map size
Medium (4 player)
Population
200
Speed
Normal
Resources
Standard
Victory
Conquest
Starting age
Dark Age
Ending age
Imperial Age
RankedLock teamsTeams togetherTeam positionsShared explorationLock speedFull tech treeHidden civsTurbo modeCheats
Victory
Defeat
🇦🇷 Poles · Argentina
1311
+20
🇺🇸 Teutons · United States
1304
+20
🇧🇷 Saracens · Brazil
1398
-20
🇧🇷 Burmese · Brazil
1397
-20
PwNaSauRuS
7:02 Feudal Age
5:23 Loom
8:12 Double-Bit Axe
8:35 Fletching
13:24 Horse Collar
15:46 Gold Mining
21:03 Castle Age
20:10 Wheelbarrow
21:24 Scale Mail Armor
21:35 Forging
21:18 Pikeman
21:59 Squires
23:22 Town Watch
31:11 Imperial Age
28:53 Bow Saw
29:01 Heavy Plow
29:19 Stone Mining
31:55 Chain Mail Armor
32:15 Iron Casting
31:36 Bodkin Arrow
33:04 Chemistry
32:15 Masonry
31:46 Halberdier
34:12 Siege Engineers
35:22 Two-Man Saw
35:08 Conscription
35:59 Crenellations
36:45 Ballistics
36:47 Arson
36:48 Gambesons
39:16 Plate Mail Armor
39:47 Blast Furnace
38:47 Padded Archer Armor
40:03 Stone Shaft Mining
40:32 Hoardings
41:47 Heavy Scorpion
46:50 Ironclad
54:44 Fortified Wall
58:34 Hand Cart
62:28 Caravan
62:57 Town Patrol
Skavio22
8:24 Feudal Age
11:56 Castle Age
11:00 Double-Bit Axe
12:47 Bow Saw
13:53 Loom
18:38 Horse Collar
21:14 Szlachta Privileges
21:54 Bloodlines
21:52 Szlachta Privileges
26:19 Scale Barding Armor
26:34 Husbandry
27:52 Wheelbarrow
29:12 Chain Barding Armor
32:22 Fletching
32:42 Forging
36:34 Imperial Age
35:20 Iron Casting
38:29 Hand Cart
39:30 Blast Furnace
37:51 Cavalier
39:45 Heavy Plow
39:07 Light Cavalry
40:42 Town Watch
41:18 Scale Mail Armor
41:50 Crop Rotation
40:50 Winged Hussar
46:19 Chain Mail Armor
50:53 Conscription
50:16 Capped Ram
57:39 Caravan
60:24 Siege Ram
65:32 Bodkin Arrow
65:38 Padded Archer Armor
[Massa] Edo
8:26 Feudal Age
12:34 Castle Age
11:05 Horse Collar
12:04 Gold Mining
14:15 Loom
23:02 Wheelbarrow
27:16 Imperial Age
25:50 Ballistics
25:22 Fletching
25:34 Padded Archer Armor
26:56 Bloodlines
26:46 Husbandry
27:33 Murder Holes
28:45 Conscription
30:54 Bodkin Arrow
36:15 Hand Cart
37:01 Gold Shaft Mining
37:03 Bracer
39:04 Scale Barding Armor
39:10 Forging
39:13 Heavy Plow
39:05 Stone Mining
39:03 Town Watch
40:09 Chain Barding Armor
39:14 Elite Arambai
41:21 Iron Casting
41:49 Man-at-Arms
42:14 Gambesons
42:30 Squires
42:15 Arson
42:50 Scale Mail Armor
43:51 Blast Furnace
43:57 Chain Mail Armor
43:05 Pikeman
43:11 Long Swordsman
45:14 Two-Handed Swordsman
46:46 Plate Mail Armor
45:41 Halberdier
46:37 Caravan
46:19 Champion
51:58 Chemistry
52:22 Plate Barding Armor
51:24 Light Cavalry
56:27 Crop Rotation
57:44 Hussar
tg
8:15 Feudal Age
9:01 Feudal Age
9:09 Loom
12:51 Castle Age
10:58 Double-Bit Axe
14:36 Bow Saw
21:48 Wheelbarrow
22:42 Horse Collar
23:35 Heavy Plow
25:11 Hand Cart
30:20 Imperial Age
28:04 Scale Barding Armor
28:13 Gold Mining
28:54 Coinage
30:16 Gold Shaft Mining
29:32 Stone Mining
30:03 Chain Barding Armor
29:45 Town Watch
31:04 Forging
31:45 Plate Barding Armor
31:27 Husbandry
31:37 Bloodlines
32:32 Chemistry
31:53 Ballistics
32:15 Siege Engineers
31:51 Treadmill Crane
32:21 Masonry
31:40 Onager
33:42 Two-Man Saw
33:18 Ballistics
33:35 Iron Casting
32:52 Fletching
35:34 Redemption
35:06 Elite Mameluke
36:36 Conscription
36:44 Conscription
37:38 Counterweights
38:42 Block Printing
41:29 Hoardings
40:57 Light Cavalry
42:47 Hussar
45:11 Blast Furnace
46:00 Banking
48:10 Bodkin Arrow
47:36 Crossbowman
48:21 Thumb Ring
48:08 Arbalester
49:55 Bimaristan
49:56 Bracer
52:28 Padded Archer Armor
52:57 Caravan
65:25 Capped Ram
66:25 Siege Ram
71:43 Leather Archer Armor
Connection lost

Rejoining the realm…

Still unreachable

The connection could not be restored.

Session expired

The server has moved on; the page needs a fresh start.